 Dungeon Crawl Stone Soup version 0.28-a0-563-gf77a47075d (webtiles) character file.

Game seed: 807367992004953589

95 Woods the Magician (level 4, -3/31 HPs)
             Began as a Djinni Fire Elementalist on Sept 30, 2021.
             Shot with a sling bullet by a hobgoblin (9 damage)
             ... on level 3 of the Dungeon.
             The game lasted 00:02:37 (2320 turns).

Woods the Magician (Djinni Fire Elementalist)       Turns: 2320, Time: 00:02:39

Health: -3/31      AC:  2    Str:  7    XL:     4   Next: 95%
Gold:   138        EV: 12    Int: 17    God:
                   SH:  0    Dex: 14

rFire   + + .      SeeInvis .   (no weapon)
rCold   x . .      Faith    .   (no shield)
rNeg    . . .      Spirit   .   a - +0 robe
rPois   ∞          Reflect  .   (no helmet)
rElec   .          Harm     .   (no cloak)
rCorr   .          Rampage  .   (no gloves)
Will    .....                   (boots unavailable)
Stlth   ++........              (no amulet)
HPRegen 0.10/turn               (no ring)
MPRegen 0.00/turn               (no ring)

@: flying
A: sickness immunity, fire resistance 2, cold vulnerability 1, float, innate
caster, hp casting, extra vitality 1
a: no special abilities


You were on level 3 of the Dungeon.
You visited 1 branch of the dungeon, and saw 3 of its levels.

You collected 138 gold pieces.

Inventory:

Armour
 a - a +0 robe (worn)
Scrolls
 b - 2 scrolls of noise {unknown}
 c - 4 scrolls of teleportation {unknown}
 d - a scroll of enchant armour {unknown}
 e - 2 scrolls of fog {unknown}
 h - a scroll of vulnerability {unknown}
Potions
 f - a potion of mutation {unknown}
 g - 3 potions of flight {unknown}
 i - a potion of attraction {unknown}


   Skills:
 - Level 2.1 Dodging
 - Level 1.5 Stealth
 + Level 4.1 Spellcasting


You couldn't memorise any spells.
You knew the following spells:

 Your Spells              Type           Power      Damage    Failure   Level
a - Foxfire               Conj/Fire      68%        2x1d7     3%          1
b - Scorch                Fire           34%        2d7       4%          2
c - Conjure Flame         Conj/Fire      17%        6-21      9%          3
d - Inner Flame           Hex/Fire       17%        N/A       9%          3
e - Flame Wave            Conj/Fire      17%        3d5       28%         4
f - Pain                  Necr           68%        1d7       3%          1
Your spell library was empty.

Dungeon Overview and Level Annotations

Branches:
Dungeon (3/15)

Altars:


Innate Abilities, Weirdness & Mutations

You are immune to sickness and miasma.
You are immune to poison.
Your flesh is very heat resistant. (rF++)
You are vulnerable to cold. (rC-)
You float through the air rather than walking.
You learn spells naturally, not from books.
Your magical power is your life essence.
You have superior vitality. (+4 HP)


Message History

You conjure some foxfire!
A goblin comes into view. It is wielding a +0 hunting sling.
A giant cockroach comes into view.
The foxfire hits the goblin.
You kill the goblin!
The foxfire hits the giant cockroach.
The giant cockroach is almost dead.
Casting: Foxfire (safe; 3% risk of failure)
Press: ? - help, Q - select action, (/) - cycle Dir - look around, f - activate You conjure some foxfire!
The foxfire hits the giant cockroach.
You kill the giant cockroach!
The hobgoblin shoots a sling bullet.
The sling bullet hits you!
The goblin shoots a stone.
The stone closely misses you.
Casting: Foxfire (safe; 3% risk of failure)
Press: ? - help, Q - select action, (/) - cycle Dir - look around, f - activate You conjure some foxfire!
The foxfire hits the goblin.
The goblin is heavily wounded.
The foxfire hits the goblin.
You kill the goblin!
Your foxfire dissipates!
The foxfire hits the goblin.
You kill the goblin!
The foxfire hits the hobgoblin but does no damage.
You hear the brisk rusting of a distant drain.
There is a stone staircase leading down here.
The hobgoblin shoots a sling bullet.
The sling bullet hits you!
Casting: Foxfire (safe; 3% risk of failure)
Confirm with . or Enter, or press ? or * to list all spells.
Aiming: Pain (safe; 3% risk of failure)
Press: ? - help, Shift-Dir - straight line, f - hobgoblin
Aim: a hobgoblin, wielding a +0 hunting sling and quivering sling bullets (chance to affect: 87%)
The hobgoblin writhes in agony.
* * * LOW HITPOINT WARNING * * *
The hobgoblin shoots a sling bullet.
The sling bullet hits you.
* * * LOW HITPOINT WARNING * * *
The hobgoblin shoots a sling bullet.
The sling bullet barely misses you.
The hobgoblin shoots a sling bullet.
The sling bullet hits you!
You die...

######## #......# #.####.#
#.####.## #.##....# #.......#
#.......# ##### ########
#.......## ##...#####......#
##.#.....###@.#.........# .#
#.###.......###.####.#.##.#
######.###g#.###..#.)####.#..#.#
.....#.>...#.# #.(...........#.#
....÷g######.# #......###......#
.†.......# ...........#####..###
......##.# ...##......##...<.#
.###.## #....##......##.##.##
#....# ....#######.## #.#


You could see a hobgoblin.

Vanquished Creatures
  A hound (D:3)
  A gnoll (D:1)
  2 adders (D:2)
  A worm (D:2)
  5 ball pythons
  4 giant cockroaches
  7 goblins
  3 hobgoblins
  2 quokkas
  2 frilled lizards (D:3)
  3 kobolds
  3 rats (D:1)
34 creatures vanquished.

Vanquished Creatures (others)
  114 foxfires
114 creatures vanquished.

Grand Total: 148 creatures vanquished

Notes
Turn   | Place    | Note
-------+----------+-------------------------------------------
     0 | D:1      | Woods the Djinni Fire Elementalist began the quest for the
                  | Orb.
     0 | D:1      | Reached XP level 1. HP: 15/15 MP: 0/0
   222 | D:1      | Found a faded altar of an unknown god.
   263 | D:1      | Reached skill level 3 in Spellcasting
   263 | D:1      | Reached XP level 2. HP: 14/21 MP: 0/0
   471 | D:1      | Reached XP level 3. HP: 22/25 MP: 0/0
   471 | D:1      | Learned a level 1 spell: Pain
  1666 | D:2      | Reached XP level 4. HP: 29/31 MP: 0/0
  2082 | D:3      | Reached skill level 4 in Spellcasting
  2320 | D:3      | Shot with a sling bullet by a hobgoblin

Illustrated notes

Levels and vault maps discovered:
D:1:      eino_arrival_cavern_b, layout_rooms,
          dreamdust_ecumenical_altar_statues
D:2:      layout_loops_ring
D:3:      minmay_goblin_kobold_castle, layout_loops_cross,
          mainiacjoe_overflow_small_starburst, gup_sewer_entry_glass

Skill      XL: |  1  2  3  4 |
---------------+-------------+-----
Spellcasting   | 3 4 |  4.1
Dodging        | |  2.1
Stealth        | |  1.5

Action                   |  1- 3 |  4- 6 || total
-------------------------+-------+-------++-------
Melee: Unarmed           |     5 |     1 ||     6
 Cast: Foxfire           |    47 |    26 ||    73
       Scorch            |     2 |       ||     2
       Pain              |       |     1 ||     1
Armor: Robe              |     1 |     1 ||     2
Dodge: Dodged            |     9 |     4 ||    13

Table legend: (Time is in decaauts)
 A = Elapsed time spent in this place.
 B = Non-inter-level travel time spent in this place.
 C = Inter-level travel time spent in this place.
 D = Time resting spent in this place.
 E = Time spent auto-exploring this place.
 F = Levels seen in this place.
 G = Mean time per level.
                   A        B        C        D        E       F      G
               +--------+--------+--------+--------+--------+-----+--------+
         Total |   2319 |   2266 |     53 |      0 |   2007 |   3 |  773.0 |
       Dungeon |   2319 |   2266 |     53 |      0 |   2007 |   3 |  773.0 |
               +--------+--------+--------+--------+--------+-----+--------+

Top non-repeatable levels by time:
     D:1: 965 daAuts
     D:2: 927 daAuts
     D:3: 426 daAuts
